TOP OF THE 1ST |
Bowling Green Hot Rods batting - Pitching for Burlington Bees : LHP Curt Joseph
|
Pitching: LHP Curt Joseph
|
|
Batting: RHB Jonathan Fraire
|
0-0: Ball 1-0: Called Strike 1-1: Ground out 4-3 (Groundball, 4, EV 106.2 MPH)
|
Batting: RHB Adam Kaeser
|
0-0: Called Strike 0-1: Swinging Strike 0-2: Ball 1-2: Ball 2-2: SOLO HOME RUN (Flyball, 7LD, EV 99.4 MPH), Distance : 363 ft
|
Batting: LHB Jake Rheaume
|
0-0: Called Strike 0-1: Ball 1-1: Ball 2-1: Swinging Strike 2-2: Ball 3-2: Ground out 4-3 (Groundball, 4M, EV 89.4 MPH)
|
Batting: RHB Kevin Benfield
|
0-0: Ball 1-0: Ball 2-0: SINGLE (Groundball, 56D, EV 106.2 MPH)
|
Batting: LHB Mario Ocana
|
0-0: Called Strike 0-1: Ball 1-1: Ball 2-1: Ball 3-1: Called Strike 3-2: Base on Balls Kevin Benfield to second
|
Batting: RHB Steve Byerly
|
0-0: Ball 1-0: Foul Ball, location: 2F 1-1: Foul Ball, location: 2F 1-2: Foul Ball, location: 2F 1-2: Strikes out looking
|
Top of the 1st over - 1 run, 2 hits, 0 errors, 2 left on base; Bowling Green 1 - Burlington 0 |
BOTTOM OF THE 1ST |
Burlington Bees batting - Pitching for Bowling Green Hot Rods : RHP Eric Smith
|
Pitching: RHP Eric Smith
|
|
Batting: RHB Jonathan Ellis
|
0-0: Ball 1-0: Foul Ball, location: 2F 1-1: Called Strike 1-2: Foul Ball, location: 2F 1-2: Foul Ball, location: 2F 1-2: Ball 2-2: Ball 3-2: Strikes out swinging
|
Batting: RHB Ryan Munro
|
0-0: Ball 1-0: Foul Ball, location: 2F 1-1: Foul Ball, location: 2F 1-2: Ball 2-2: Foul Ball, location: 2F 2-2: Strikes out swinging
|
Batting: RHB Melvin Gomez
|
0-0: Ball 1-0: Called Strike 1-1: Ball 2-1: Foul Ball, location: 2F 2-2: Ground out 5-3 (Groundball, 56, EV 86.9 MPH)
|
Bottom of the 1st over - 0 runs, 0 hits, 0 errors, 0 left on base; Bowling Green 1 - Burlington 0 |
TOP OF THE 2ND |
Bowling Green Hot Rods batting - Pitching for Burlington Bees : LHP Curt Joseph
|
Batting: SHB Julio Hernandez
|
0-0: Ball 1-0: Foul Ball, location: 2F 1-1: Swinging Strike 1-2: Ball 2-2: Strikes out looking
|
Batting: RHB Eric Waugaman
|
0-0: Ball 1-0: Ball 2-0: Ball 3-0: Base on Balls
|
Batting: RHB Evan Chalarian
|
0-0: Foul Ball, location: 2F 0-1: Called Strike 0-2: Ball 1-2: Foul Ball, location: 2F 1-2: Foul Ball, location: 2F 1-2: Strikes out swinging
|
Batting: RHB Jonathan Fraire
|
0-0: Called Strike 0-1: Ball 1-1: Foul Ball, location: 2F 1-2: Foul Ball, location: 2F 1-2: Strikes out swinging
|
Top of the 2nd over - 0 runs, 0 hits, 0 errors, 1 left on base; Bowling Green 1 - Burlington 0 |
BOTTOM OF THE 2ND |
Burlington Bees batting - Pitching for Bowling Green Hot Rods : RHP Eric Smith
|
Batting: LHB Rusty Ney
|
0-0: Ball 1-0: Ball 2-0: Ball 3-0: Base on Balls
|
Batting: LHB Jorge Zermeno
|
0-0: Called Strike Rusty Ney steals 2nd base (no throw) 0-1: Ball 1-1: Swinging Strike 1-2: Foul Ball, location: 2F 1-2: Strikes out swinging
|
Batting: RHB Greg Burdine
|
0-0: Foul Ball, location: 2F 0-1: Ball 1-1: Ball 2-1: Foul Ball, location: 2F 2-2: Foul Ball, location: 2F 2-2: Ball 3-2: Foul Ball, location: 2F 3-2: 2-RUN HOME RUN (Flyball, 78XD, EV 102.5 MPH), Distance : 394 ft
|
Batting: RHB Ben Herman
|
0-0: Swinging Strike 0-1: Ball 1-1: Called Strike 1-2: Ball 2-2: Ball 3-2: SINGLE (Groundball, 5S, EV 72.5 MPH) (infield hit)
|
Batting: SHB Tim Connell
|
0-0: Called Strike 0-1: Ball 1-1: Reached on error, E3 (Groundball, 3, EV 85.0 MPH) Ben Herman to second
|
Batting: RHB Rob Bly
|
0-0: Swinging Strike 0-1: Ball 1-1: Called Strike 1-2: Ball 2-2: Ball 3-2: Fly out, F8 (Flyball, 8RD, EV 70.6 MPH)
|
Batting: RHB Jonathan Ellis
|
0-0: Ball 1-0: Ground out U3 (Groundball, 34, EV 100.6 MPH)
|
Bottom of the 2nd over - 2 runs, 2 hits, 1 error, 2 left on base; Bowling Green 1 - Burlington 2 |
TOP OF THE 3RD |
Bowling Green Hot Rods batting - Pitching for Burlington Bees : LHP Curt Joseph
|
Batting: RHB Adam Kaeser
|
0-0: Foul Ball, location: 2F 0-1: Swinging Strike 0-2: Ball 1-2: Strikes out swinging
|
Batting: LHB Jake Rheaume
|
0-0: Ball 1-0: Swinging Strike 1-1: Swinging Strike 1-2: Strikes out swinging
|
Batting: RHB Kevin Benfield
|
0-0: Ball 1-0: Called Strike 1-1: Foul Ball, location: 2F 1-2: Strikes out swinging
|
Top of the 3rd over - 0 runs, 0 hits, 0 errors, 0 left on base; Bowling Green 1 - Burlington 2 |
BOTTOM OF THE 3RD |
Burlington Bees batting - Pitching for Bowling Green Hot Rods : RHP Eric Smith
|
Batting: RHB Ryan Munro
|
0-0: SINGLE (Flyball, 5D, EV 93.1 MPH)
|
Batting: RHB Melvin Gomez
|
0-0: Called Strike 0-1: Ball 1-1: Ball 2-1: Ball 3-1: Base on Balls Ryan Munro to second
|
Batting: LHB Rusty Ney
|
0-0: Ball 1-0: Ground out 5-3 (Groundball, 56, EV 103.1 MPH) Ryan Munro to third Melvin Gomez to second
|
Batting: LHB Jorge Zermeno
|
0-0: Ball 1-0: Ball 2-0: DOUBLE (Line Drive, 78D, EV 100.6 MPH) Ryan Munro scores Melvin Gomez scores
|
Batting: RHB Greg Burdine
|
0-0: Foul Ball, location: 2F 0-1: Foul Ball, location: 2F 0-2: Strikes out swinging
|
Batting: RHB Ben Herman
|
0-0: Ground out 5-3 (Groundball, 56, EV 85.6 MPH)
|
Bottom of the 3rd over - 2 runs, 2 hits, 0 errors, 1 left on base; Bowling Green 1 - Burlington 4 |
TOP OF THE 4TH |
Bowling Green Hot Rods batting - Pitching for Burlington Bees : LHP Curt Joseph
|
Batting: LHB Mario Ocana
|
0-0: Called Strike 0-1: Ball 1-1: Ball 2-1: Foul Ball, location: 2F 2-2: Ground out 6-3 (Groundball, 6, EV 85.6 MPH)
|
Batting: RHB Steve Byerly
|
0-0: Ground out 4-3 (Groundball, 4, EV 83.8 MPH)
|
Batting: SHB Julio Hernandez
|
0-0: Ball 1-0: SINGLE (Groundball, 34D, EV 97.5 MPH) (infield hit)
|
Batting: RHB Eric Waugaman
|
0-0: Ball 1-0: Called Strike Julio Hernandez steals 2nd base (no throw) 1-1: Ball 2-1: Ball 3-1: Called Strike 3-2: Ground out 4-3 (Groundball, 4S, EV 82.5 MPH)
|
Top of the 4th over - 0 runs, 1 hit, 0 errors, 1 left on base; Bowling Green 1 - Burlington 4 |
BOTTOM OF THE 4TH |
Burlington Bees batting - Pitching for Bowling Green Hot Rods : RHP Eric Smith
|
Batting: SHB Tim Connell
|
0-0: Ground out U3 (Groundball, 3, EV 79.4 MPH)
|
Batting: RHB Rob Bly
|
0-0: Ground out 6-3 (Groundball, 6, EV 86.2 MPH)
|
Batting: RHB Jonathan Ellis
|
0-0: Called Strike 0-1: Ball 1-1: Ball 2-1: Ball 3-1: Base on Balls
|
Pitching: RHP Jeremy Price
|
|
Batting: RHB Ryan Munro
|
0-0: Ball 1-0: Called Strike 1-1: Foul Ball, location: 2F 1-2: Ball Jonathan Ellis is caught stealing 2nd base 2-4
|
Bottom of the 4th over - 0 runs, 0 hits, 0 errors, 0 left on base; Bowling Green 1 - Burlington 4 |
TOP OF THE 5TH |
Bowling Green Hot Rods batting - Pitching for Burlington Bees : LHP Curt Joseph
|
Batting: RHB Evan Chalarian
|
0-0: Ball 1-0: Ball 2-0: Fly out, F8 (Line Drive, 8LM, EV 87.5 MPH)
|
Batting: RHB Jonathan Fraire
|
0-0: Ball 1-0: Ball 2-0: DOUBLE (Line Drive, 7LD, EV 103.8 MPH)
|
Batting: RHB Adam Kaeser
|
0-0: Foul Ball, location: 2F 0-1: Ball 1-1: Foul Ball, location: 2F 1-2: Foul Ball, location: 2F 1-2: Foul Ball, location: 2F 1-2: Ball 2-2: Foul Ball, location: 2F 2-2: Fly out, F7 (Flyball, 7LD, EV 105.0 MPH)
|
Batting: LHB Jake Rheaume
|
0-0: Called Strike 0-1: Called Strike 0-2: Ball 1-2: Strikes out swinging
|
Top of the 5th over - 0 runs, 1 hit, 0 errors, 1 left on base; Bowling Green 1 - Burlington 4 |
BOTTOM OF THE 5TH |
Burlington Bees batting - Pitching for Bowling Green Hot Rods : RHP Jeremy Price
|
Batting: RHB Ryan Munro
|
0-0: Called Strike 0-1: Ball 1-1: Called Strike 1-2: Foul Ball, location: 2F 1-2: Fly out, F9 (Line Drive, 9, EV 92.5 MPH)
|
Batting: RHB Melvin Gomez
|
0-0: Ball 1-0: Swinging Strike 1-1: Fly out, F8 (Flyball, 8RD, EV 88.8 MPH)
|
Batting: LHB Rusty Ney
|
0-0: Called Strike 0-1: Ball 1-1: Swinging Strike 1-2: Strikes out looking
|
Bottom of the 5th over - 0 runs, 0 hits, 0 errors, 0 left on base; Bowling Green 1 - Burlington 4 |
TOP OF THE 6TH |
Bowling Green Hot Rods batting - Pitching for Burlington Bees : LHP Curt Joseph
|
Pitching: RHP Craig Murphy
|
|
Batting: RHB Kevin Benfield
|
0-0: Ball 1-0: Ball 2-0: Ball 3-0: Called Strike 3-1: Base on Balls
|
Batting: LHB Mario Ocana
|
0-0: Ball 1-0: Ball 2-0: Fly out, F7 (Flyball, 7D, EV 104.4 MPH)
|
Batting: RHB Steve Byerly
|
0-0: Called Strike 0-1: Ground out 3-1 (Groundball, 34S, EV 65.6 MPH) Kevin Benfield to second
|
Batting: SHB Julio Hernandez
|
0-0: Ball 1-0: Fly out, F7 (Flyball, 7, EV 95.0 MPH)
|
Top of the 6th over - 0 runs, 0 hits, 0 errors, 1 left on base; Bowling Green 1 - Burlington 4 |
BOTTOM OF THE 6TH |
Burlington Bees batting - Pitching for Bowling Green Hot Rods : RHP Jeremy Price
|
Batting: LHB Jorge Zermeno
|
0-0: Called Strike 0-1: Ground out 6-3 (Groundball, 6MS, EV 86.2 MPH)
|
Batting: RHB Greg Burdine
|
0-0: Ball 1-0: Fly out, F6 (Popup, 6M, EV 76.2 MPH)
|
Batting: RHB Ben Herman
|
0-0: Called Strike 0-1: SINGLE (Groundball, 34D, EV 97.5 MPH)
|
Batting: SHB Tim Connell
|
0-0: Called Strike 0-1: Ball 1-1: Called Strike 1-2: Foul Ball, location: 2F 1-2: Ball 2-2: Foul Ball, location: 2F 2-2: Strikes out looking
|
Bottom of the 6th over - 0 runs, 1 hit, 0 errors, 1 left on base; Bowling Green 1 - Burlington 4 |
TOP OF THE 7TH |
Bowling Green Hot Rods batting - Pitching for Burlington Bees : RHP Craig Murphy
|
Batting: RHB Eric Waugaman
|
0-0: SINGLE (Line Drive, 5L, EV 96.9 MPH)
|
Batting: RHB Evan Chalarian
|
0-0: Called Strike 0-1: Foul Ball, location: 2F 0-2: Strikes out looking
|
Batting: RHB Jonathan Fraire
|
0-0: Called Strike 0-1: Ball 1-1: Fly out, F5 (Flyball, 5D, EV 85.0 MPH)
|
Batting: RHB Adam Kaeser
|
0-0: Called Strike 0-1: Ball 1-1: Fly out, F8 (Flyball, 8LS, EV 83.1 MPH)
|
Top of the 7th over - 0 runs, 1 hit, 0 errors, 1 left on base; Bowling Green 1 - Burlington 4 |
BOTTOM OF THE 7TH |
Burlington Bees batting - Pitching for Bowling Green Hot Rods : RHP Jeremy Price
|
Pitching: LHP Chris Polite
|
|
Batting: RHB Rob Bly
|
0-0: Ball 1-0: Ball 2-0: Foul Ball, location: 2F 2-1: Called Strike 2-2: Foul Ball, location: 2F 2-2: Ground out 6-3 (Groundball, 56, EV 82.5 MPH)
|
Batting: RHB Jonathan Ellis
|
0-0: Ball 1-0: Ground out 4-3 (Groundball, 34D, EV 103.8 MPH)
|
Batting: RHB Ryan Munro
|
0-0: Called Strike 0-1: Called Strike 0-2: Strikes out swinging
|
Bottom of the 7th over - 0 runs, 0 hits, 0 errors, 0 left on base; Bowling Green 1 - Burlington 4 |
TOP OF THE 8TH |
Bowling Green Hot Rods batting - Pitching for Burlington Bees : RHP Craig Murphy
|
Pitching: LHP Jordan Galdamez
|
|
Batting: LHB Jake Rheaume
|
0-0: Ball 1-0: Called Strike 1-1: DOUBLE (Line Drive, 89XD, EV 109.4 MPH)
|
Batting: RHB Kevin Benfield
|
0-0: 2-RUN HOME RUN (Flyball, 89XD, EV 99.4 MPH), Distance : 388 ft
|
Pinch Hitting: RHB David Ward
|
0-0: Ball 1-0: Ball 2-0: Called Strike 2-1: Ball 3-1: Foul Ball, location: 2F 3-2: Base on Balls
|
Batting: RHB Steve Byerly
|
0-0: Ball 1-0: Bunted foul 1-1: Bunted foul 1-2: Fielders Choice at 2nd, 1-6 (Groundball, 34S, EV 60.6 MPH)
|
Batting: SHB Julio Hernandez
|
0-0: Called Strike 0-1: Foul Ball, location: 2F 0-2: SINGLE (Groundball, 6S, EV 68.8 MPH) (infield hit) Steve Byerly to second
|
Batting: RHB Eric Waugaman
|
0-0: Ball 1-0: Swinging Strike 1-1: Ball 2-1: Swinging Strike 2-2: Ball 3-2: Strikes out looking
|
Batting: RHB Evan Chalarian
|
0-0: Called Strike 0-1: Fly out, F4 (Line Drive, 4, EV 68.1 MPH)
|
Top of the 8th over - 2 runs, 3 hits, 0 errors, 2 left on base; Bowling Green 3 - Burlington 4 |
BOTTOM OF THE 8TH |
Burlington Bees batting - Pitching for Bowling Green Hot Rods : LHP Chris Polite
|
Now at 2B: David Ward
|
|
Batting: RHB Melvin Gomez
|
0-0: Ball 1-0: Ball 2-0: Called Strike 2-1: Ball 3-1: Foul Ball, location: 2F 3-2: Foul Ball, location: 2F 3-2: Base on Balls
|
Batting: LHB Rusty Ney
|
0-0: Ball 1-0: Fly out, F9 (Flyball, 89S, EV 98.1 MPH)
|
Batting: LHB Jorge Zermeno
|
0-0: Ball 1-0: Ball 2-0: Swinging Strike 2-1: Foul Ball, location: 2F 2-2: Strikes out looking
|
Batting: RHB Greg Burdine
|
Balk! Melvin Gomez to second 0-0: Called Strike 0-1: Swinging Strike 0-2: Ball 1-2: Ball 2-2: Ground out U3 (Groundball, 34, EV 80.0 MPH)
|
Bottom of the 8th over - 0 runs, 0 hits, 0 errors, 1 left on base; Bowling Green 3 - Burlington 4 |
TOP OF THE 9TH |
Bowling Green Hot Rods batting - Pitching for Burlington Bees : LHP Jordan Galdamez
|
Pitching: RHP Trece Hunter
|
|
Batting: RHB Jonathan Fraire
|
0-0: Called Strike 0-1: Ball 1-1: Foul Ball, location: 2F 1-2: Strikes out swinging
|
Batting: RHB Adam Kaeser
|
0-0: Ball 1-0: Ball 2-0: Called Strike 2-1: Ball 3-1: Base on Balls
|
Batting: LHB Jake Rheaume
|
0-0: Called Strike 0-1: Ball 1-1: Fly out, F8 (Line Drive, 8RM, EV 88.8 MPH)
|
Batting: RHB Kevin Benfield
|
0-0: Fly out, F7 (Flyball, 7S, EV 76.9 MPH)
|
Top of the 9th over - 0 runs, 0 hits, 0 errors, 1 left on base; Bowling Green 3 - Burlington 4 |
|